 Dungeon Crawl Stone Soup version 0.31-a0-496-g6f97920a28 (webtiles) character file.

Game seed: 8784964072267772539

14058 grantps the Geomancer (level 12, -4/75 HPs)
             Began as a Gargoyle Earth Elementalist on Aug 8, 2023.
             Was a Believer of Vehumet.
             Slain by a wyvern (8 damage)
             ... on level 1 of the Lair of Beasts on Aug 9, 2023.
             The game lasted 01:35:12 (9182 turns).

grantps the Geomancer (Gargoyle Earth Elementalist) Turns: 9182, Time: 01:35:13

Health: -4/75      AC: 16    Str: 13    XL:     12   Next: 12%
Magic:  8/24       EV:  9    Int: 20    God:    Vehumet [**....]
Gold:   399        SH:  6    Dex: 10    Spells: 22/28 levels left

rFire   . . .        m - staff of earth
rCold   . . .        H - +0 kite shield
rNeg    + . .        D - +0 troll leather armour {Pargi}
rPois   ∞            o - +0 helmet
rElec   +            G - +1 cloak
rCorr   .            e - +0 pair of gloves
SInv    .            k - +0 pair of boots
Will    .....        (no amulet)
Stlth   ++           (no ring)
HPRegen 1.12/turn    (no ring)
MPRegen 0.19/turn

%: no passive effects
@: brilliant, about to teleport
A: sickness immunity, AC +8, negative energy resistance 1, electricity
resistance, torment resistance 1, petrification resistance
a: Renounce Religion


You were on level 1 of the Lair of Beasts.
You worshipped Vehumet.
Vehumet was pleased with you.
You visited 3 branches of the dungeon, and saw 11 of its levels.
You also visited: Sewer.

You collected 399 gold pieces.

Inventory:

Hand Weapons
 c - a +0 hand axe
 A - a +2 flail of protection
 F - a +3 quarterstaff of chaos
Missiles
 j - 2 atropa-tipped darts
 w - 20 poisoned darts
 K - 2 throwing nets
Armour
 d - a +0 cloak
 e - a +0 pair of gloves (worn)
 k - a +0 pair of boots (worn)
 o - a +0 helmet (worn)
 y - +0 swamp dragon scales
 D - a +0 troll leather armour (worn) {Pargi}
 G - a +1 cloak (worn)
 H - a +0 kite shield (worn)
 I - +0 steam dragon scales
 L - a +0 scale mail
Magical Staves
 m - a staff of earth (weapon)
Jewellery
 b - a ring of fire
Talismans
 q - a flux talisman
Wands
 r - a wand of charming (14)
 J - a wand of acid (23)
Scrolls
 a - 2 scrolls of acquirement {unknown}
 g - a scroll of revelation {unknown}
 i - a scroll of identify
 n - 3 scrolls of amnesia {unknown}
 s - a scroll of vulnerability {unknown}
 t - a scroll of brand weapon {unknown}
 u - 4 scrolls of noise
 B - 2 scrolls of enchant armour {unknown}
 C - 2 scrolls of fog {unknown}
 E - 3 scrolls of poison {unknown}
Potions
 l - a potion of berserk rage
 x - a potion of resistance
 z - a potion of attraction


   Skills:
 + Level 8.9 Fighting
 - Level 1.5 Dodging
 - Level 2.1 Stealth
 * Level 8.6 Spellcasting
 + Level 9.1 Conjurations
 + Level 4.9 Transmutations
 + Level 13.5 Earth Magic


You had 22 spell levels left.
You knew the following spells:

 Your Spells              Type           Power      Damage    Failure   Level
a - Sandblast             Erth           100%       2d20      1%          1
b - Stone Arrow           Conj/Erth      100%       3d13      1%          3
c - Passwall              Tmut/Erth      66%        N/A       1%          2

Your spell library contained the following spells:

 Spells                   Type           Power      Damage    Failure   Level
 Static Discharge         Conj/Air       80%        2-6/arc   10%         2
 Petrify                  Tmut/Erth      80%        N/A       10%         4
 Blink                    Tloc           24%        N/A       54%         2
 Manifold Assault         Tloc           12%        N/A       99%         4


Dungeon Overview and Level Annotations

Branches:
Dungeon (8/15)             Temple (1/1) D:5            Lair (2/5) D:8
  Sewer (visited)
  Swamp: Lair:2-3    Shoals: Lair:2-3     Snake: Lair:2-3    Spider: Lair:2-3

Altars:
Ashenzari
Cheibriados
Dithmenos
Elyvilon
Fedhas
Gozag
Hepliaklqana
Makhleb
Nemelex Xobeh
Okawaru
Qazlal
Ru
Sif Muna
Uskayaw
Vehumet
Wu Jian
Xom
Yredelemnul
Zin
The Shining One

Shops:
D:1 :   D:2 :   D:7 *


Innate Abilities, Weirdness & Mutations

You are immune to sickness and miasma.
Your stone body is resilient. (AC +8)
You are immune to poison.
You resist negative energy. (rN+)
You are resistant to electric shocks. (rElec)
You are resistant to unholy torment.
You are immune to petrification.


Message History

You block the bullfrog's attack.
The wyvern bites you but does no damage.
The wyvern attacks as you move away! The wyvern barely misses you.
You see here 8 stones.
The death yak attacks as you move away!
The death yak gores you but does no damage.
The wyvern attacks as you move away! You block the wyvern's attack.
You block the bullfrog's attack.
The wyvern bites you but does no damage.
The death yak attacks as you move away! The death yak gores you!
The wyvern attacks as you move away! The wyvern barely misses you.
You block the bullfrog's attack. The wyvern bites you!
* * * LOW HITPOINT WARNING * * *
The bullfrog hits you.
* * * LOW HITPOINT WARNING * * *
There is an escape hatch in the floor here.
The wyvern attacks as you move away! You block the wyvern's attack.
The bullfrog hits you but does no damage.
The wyvern bites you.
* * * LOW HITPOINT WARNING * * *
The wyvern attacks as you move away! The wyvern bites you!
* * * LOW HITPOINT WARNING * * *
You block the wyvern's attack.
The bullfrog hits you but does no damage.
The bullfrog attacks as you move away! You block the bullfrog's attack.
The wyvern attacks as you move away!
The wyvern bites you but does no damage.
As you read the scroll of teleportation, it crumbles to dust.
You feel strangely unstable. The wyvern bites you!
* * * LOW HITPOINT WARNING * * *
The bullfrog barely misses you. The bullfrog closely misses you.
You block the wyvern's attack.
Okay, then.
Okay, then.
The death yak attacks as you move away! The death yak gores you.
* * * LOW HITPOINT WARNING * * *
As you read the scroll labelled ILOJ AWAKLOI, it crumbles to dust.
The creatures around you are filled with an inner flame!
It was a scroll of immolation.
The wyvern bites you!
You die...

....~~~.## ###.............#..
....~~~..# #................
........## #................
.#......# ........<.......
§........# .............#..
≈§......## ##.##...........
§.......##########..##.....###...
≈................Y...#.....##....
................@l....>.......)..
.##..............F...............
# #.....##...............(..##...
#######....###P.........
###...#...........
#..##...~~.>.... ...##.≈~~≈~.~~..
##.....~≈~≈~~≈≈~. .##.~~≈≈≈≈≈≈~.


You could see a death yak (inner flame), a wyvern (inner flame) and a bullfrog
(inner flame).

Vanquished Creatures
  Harold (Lair:1)
  4 death yaks (Lair:1)
  Pikel (D:6)
  3 elephants (Lair:1)
  3 cane toads (Lair:1)
  2 komodo dragons (Lair:1)
  Maggie (D:7)
  Grinder (D:3)
  8 blink frogs (Lair:1)
  A shadow (D:7)
  7 yaks
  2 steam dragons (D:8)
  Menkaure (D:5)
  Edmund (D:6)
  8 water moccasins
  An orc warrior (D:8)
  Pargi (Sewer)
  An ice beast (D:6)
  4 black bears
  A phantom (D:7)
  2 kobold brigands (D:8)
  5 bullfrogs
  A gnoll sergeant (D:8)
  4 scorpions
  4 wights (D:7)
  5 killer bees (D:7)
  2 howler monkeys (D:5)
  A jelly (D:6)
  3 orc priests
  A gnoll bouda (D:6)
  6 hounds
  Crazy Yiuf (D:7)
  3 sleepcaps
  4 iguanas
  An orc wizard (D:4)
  Natasha (twice) (D:3)
  Robin (D:3)
  6 gnolls
  8 adders
  A white imp (D:6)
  An ufetubus (D:5)
  3 worms
  A dart slug (D:3)
  16 orcs
  6 ball pythons
  6 endoplasms
  19 goblins
  11 hobgoblins
  12 kobolds
  5 quokkas
  5 bats (D:2)
  10 frilled lizards
  5 rats
213 creatures vanquished.

Vanquished Creatures (collateral kills)
  A blink frog (Lair:1)
  3 yaks (Lair:1)
  A basilisk (Lair:1)
  A water moccasin (Lair:1)
  An ogre (D:4)
  An electric eel (Lair:1)
  An orc wizard (D:4)
  2 orcs (D:4)
  A giant cockroach (D:4)
12 creatures vanquished.

Grand Total: 225 creatures vanquished

Notes
Turn   | Place    | Note
-------+----------+-------------------------------------------
     0 | D:1      | grantps the Gargoyle Earth Elementalist began the quest for
                  | the Orb.
     0 | D:1      | Reached XP level 1. HP: 10/10 MP: 3/3
   317 | D:1      | Found Ypteutsu's Book Shop.
   331 | D:1      | Reached skill level 4 in Earth Magic
   331 | D:1      | Reached XP level 2. HP: 16/16 MP: 3/5
   670 | D:1      | Reached skill level 1 in Fighting
   860 | D:2      | Reached XP level 3. HP: 20/20 MP: 1/6
  1567 | D:2      | Found Tufol's Vocational Training.
  2026 | D:3      | Reached XP level 4. HP: 26/26 MP: 5/7
  2056 | D:3      | Found a faded altar of an unknown god.
  2094 | D:3      | Noticed Robin
  2139 | D:3      | Killed Robin
  2140 | D:3      | Reached skill level 5 in Earth Magic
  2332 | D:3      | Noticed Grinder
  2342 | D:3      | Killed Grinder
  2343 | D:3      | Reached skill level 1 in Conjurations
  2343 | D:3      | Reached skill level 6 in Earth Magic
  2343 | D:3      | Reached XP level 5. HP: 21/32 MP: 5/10
  2343 | D:3      | Reached XP level 6. HP: 23/36 MP: 5/11
  2460 | D:3      | Noticed Natasha
  2461 | D:3      | Killed Natasha
  2511 | D:3      | Noticed Natasha
  2515 | D:3      | Killed Natasha
  2907 | D:4      | Reached XP level 7. HP: 41/41 MP: 9/12
  3272 | D:4      | Found a white marble altar of Elyvilon.
  3272 | D:4      | Found a hide-covered altar of Uskayaw.
  3480 | D:4      | Found a sacrificial altar of Ru.
  3586 | D:5      | Entered Level 5 of the Dungeon
  3588 | D:5      | Reached skill level 7 in Earth Magic
  3652 | D:5      | Found a glowing drain.
  3698 | Sewer    | Entered a sewer
  3793 | Sewer    | Noticed Pargi
  3797 | Sewer    | Killed Pargi
  3921 | D:5      | Found a staircase to the Ecumenical Temple.
  3931 | D:5      | Reached XP level 8. HP: 48/48 MP: 9/14
  3962 | D:5      | Learned a level 3 spell: Stone Arrow
  3984 | Temple   | Entered the Ecumenical Temple
  4033 | Temple   | Became a worshipper of Vehumet
  4335 | D:5      | Reached skill level 8 in Earth Magic
  4509 | D:5      | Noticed Menkaure
  4513 | D:5      | Killed Menkaure
  5088 | D:6      | Reached skill level 5 in Fighting
  5116 | D:6      | Reached skill level 5 in Conjurations
  5119 | D:6      | Reached skill level 9 in Earth Magic
  5132 | D:6      | Reached XP level 9. HP: 54/54 MP: 1/16
  5241 | D:6      | Noticed Pikel
  5256 | D:6      | Killed Pikel
  5257 | D:6      | Reached skill level 5 in Spellcasting
  5455 | D:6      | Learned a level 2 spell: Passwall
  5503 | D:6      | Noticed Edmund
  5508 | D:6      | Killed Edmund
  5509 | D:6      | Reached skill level 1 in Transmutations
  5790 | D:7      | Reached skill level 10 in Earth Magic
  6046 | D:7      | Noticed Maggie
  6140 | D:7      | Killed Maggie
  6141 | D:7      | Reached XP level 10. HP: 34/61 MP: 2/18
  6239 | D:7      | Found Qoetum's Assorted Antiques.
  6257 | D:7      | Found an iron altar of Okawaru.
  6563 | D:7      | Found a runed translucent door.
  6564 | D:7      | Noticed Crazy Yiuf
  6571 | D:7      | Killed Crazy Yiuf
  6800 | D:8      | Reached * piety under Vehumet
  6800 | D:8      | Offered knowledge of Magic Dart by Vehumet.
  6801 | D:8      | Reached skill level 11 in Earth Magic
  7356 | D:8      | Found a staircase to the Lair.
  7598 | D:8      | Found a shadowy altar of Dithmenos.
  7961 | Lair:1   | Entered Level 1 of the Lair of Beasts
  7967 | Lair:1   | Reached ** piety under Vehumet
  8080 | Lair:1   | Noticed Harold
  8088 | Lair:1   | Killed Harold
  8089 | Lair:1   | Reached skill level 12 in Earth Magic
  8126 | Lair:1   | Noticed a cane toad
  8204 | Lair:1   | Killed a cane toad
  8331 | Lair:1   | HP: 3/63 [blink frog (12)]
  8335 | Lair:1   | Offered knowledge of Freeze by Vehumet.
  8336 | Lair:1   | Reached XP level 11. HP: 36/67 MP: 7/21
  8411 | Lair:1   | Reached skill level 13 in Earth Magic
  8728 | Lair:1   | Offered knowledge of Static Discharge by Vehumet.
  8857 | Lair:1   | Noticed a death yak
  8860 | Lair:1   | Noticed a death yak
  8861 | Lair:1   | Noticed a death yak
  8866 | Lair:1   | Killed a death yak
  8871 | Lair:1   | Noticed a death yak
  8872 | Lair:1   | Killed a death yak
  8874 | Lair:1   | Noticed a death yak
  9014 | Lair:1   | Reached XP level 12. HP: 75/75 MP: 11/24
  9093 | Lair:1   | Killed a death yak
  9136 | Lair:1   | Killed a death yak
  9181 | Lair:1   | HP: 2/75 [death yak (3)]
  9182 | Lair:1   | Slain by a wyvern

Illustrated notes

Levels and vault maps discovered:
D:1:      ncdulo_wetmaze, layout_basic, serial_shops, shop,
          nicolae_twisty_statue_hallways
D:2:      layout_basic, nicolae_shop_vocational
D:3:      layout_loops_ring, shapermc_ecumenical_altar_mp_ritualfount,
          uniq_natasha, uniq_grinder, uniq_robin
D:4:      layout_basic, overflow_temple_1_default,
          nicolae_overflow_two_pavilions
D:5:      layout_cave_pods, minmay_temple_entry_proselytizer,
          cheibrodos_sewer_entry_drain, dreamdust_wishing_well,
          nicolae_concentric_dashed_squares_wild, uniq_menkaure
D:6:      layout_loops_ring, uniq_edmund, uniq_pikel
D:7:      layout_rooms, mainiacjoe_overflow_chevrons, serial_shops,
          nicolae_shop_overgrown_old_shop, hangedman_abyss_or_decor_stagger,
          uniq_crazy_yiuf_cottage, uniq_maggie
D:8:      layout_loops_corners, mainiacjoe_overflow_paths,
          due_lair_maze_entry_diamond, nicolae_ossuary_entry_plus
Temple:   minmay_freezing_vapour_temple
Lair:1:   layout_gridlike, st_stairs_8, infiniplex_staircase_pool, uniq_harold
Lair:2:   layout_cave_pods, minmay_shoals_entry_lonely_mermaid

Skill      XL: |  1  2  3  4  5  6  7  8  9 10 11 12 |
---------------+-------------------------------------+-----
Earth Magic    | 4 6 7 9 10 12 13 | 13.5
Fighting       | 1 2 3 4 5 6 7 8 |  8.9
Spellcasting   | 3 4 5 6 8 |  8.6
Conjurations   | 1 2 3 5 6 7 8 9 |  9.1
Transmutations | 2 3 4 |  4.9
Dodging        | |  1.5
Stealth        | |  2.1

Action                     |  1- 3 |  4- 6 |  7- 9 | 10-12 || total
---------------------------+-------+-------+-------+-------++-------
  Melee: Hand axe          |     8 |       |       |       ||     8
         Staff             |       |    14 |     9 |    13 ||    36
  Throw: Throwing net      |       |       |       |     2 ||     2
   Cast: Sandblast         |    59 |    34 |   105 |   105 ||   303
         Stone Arrow       |       |       |    28 |    82 ||   110
  Evoke: Wand              |       |       |     6 |       ||     6
    Use: Scroll            |       |     1 |     6 |     5 ||    12
         Potion            |       |       |     3 |    16 ||    19
 Armour: Robe              |    28 |    12 |     3 |       ||    43
         Leather armour    |       |       |     4 |       ||     4
         Troll leather arm |       |       |    24 |   133 ||   157
         Skin              |       |       |       |    10 ||    10
  Dodge: Dodged            |    34 |    16 |    47 |   114 ||   211
  Block: Kite shield       |       |       |       |    69 ||    69

Table legend: (Time is in decaauts)
 A = Elapsed time spent in this place.
 B = Non-inter-level travel time spent in this place.
 C = Inter-level travel time spent in this place.
 D = Time resting spent in this place.
 E = Time spent auto-exploring this place.
 F = Levels seen in this place.
 G = Mean time per level.
                   A        B        C        D        E       F      G
               +--------+--------+--------+--------+--------+-----+--------+
         Total |   9377 |   9158 |    219 |   1228 |   5172 |  12 |  781.4 |
       Dungeon |   7974 |   7764 |    210 |    774 |   4983 |   8 |  996.8 |
        Temple |     54 |     46 |      8 |      2 |      0 |   1 |   54.0 |
          Lair |   1105 |   1105 |      0 |    432 |    145 |   2 |  552.5 |
         Sewer |    242 |    242 |      0 |     20 |     43 |   1 |  242.0 |
               +--------+--------+--------+--------+--------+-----+--------+

Top non-repeatable levels by time:
     D:8: 1538 daAuts
     D:2: 1177 daAuts
  Lair:1: 1103 daAuts
     D:5: 1071 daAuts
     D:3: 920 daAuts
     D:6: 896 daAuts
     D:1: 850 daAuts
     D:7: 819 daAuts
     D:4: 699 daAuts
   Sewer: 242 daAuts
  Temple: 54 daAuts
  Lair:2: 1 daAuts
